 Dungeon Crawl Stone Soup version 0.27.0-1-g7a089689b8 (webtiles) character file.

Game seed: 16979009936481118019

308 gimp the Ruffian (level 6, -10/53 HPs)
             Began as a Troll Fire Elementalist on Aug 8, 2021.
             Mangled by a yak (14 damage)
             ... on level 9 of the Dungeon.
             The game lasted 00:07:16 (2082 turns).

gimp the Ruffian (Troll Fire Elementalist)          Turns: 2082, Time: 00:07:16

Health: -10/53     AC:  4    Str: 18    XL:     6   Next: 17%
Magic:  6/6        EV:  9    Int: 11    God:
Gold:   76         SH:  0    Dex: 11    Spells: 6/7 levels left

rFire    + . .     SeeInvis .     - Unarmed
rCold    . . .     Faith    .   (no shield)
rNeg     . . .     Spirit   .   a - +0 robe
rPois    .         Reflect  .   (helmet restricted)
rElec    .         Harm     .   (no cloak)
rCorr    .         Rampage  .   (gloves unavailable)
Will     .....                  (boots unavailable)
Stlth    +.........             (no amulet)
HPRegen  1.17/turn              b - ring of protection from fire
MPRegen  0.10/turn              (no ring)

@: lethally poisoned (-10 -> -14), attractive, slowed, very slow
A: large, unfitting armour, claws 3, regeneration 1, shaggy fur 1, tough skin 1
a: no special abilities


You were on level 9 of the Dungeon.
You visited 1 branch of the dungeon, and saw 7 of its levels.

You collected 153 gold pieces.
You spent 77 gold pieces at shops.

Inventory:

Armour
 a - a +0 robe (worn)
 j - a +0 cloak
Jewellery
 b - a ring of protection from fire (left claw)
Scrolls
 f - a scroll of identify
 h - a scroll of enchant weapon
Potions
 c - 2 potions of curing
 e - a potion of degeneration {unknown}
 i - a potion of heal wounds


   Skills:
 - Level 1.5 Dodging
 - Level 1.0 Stealth
 + Level 6.1 Unarmed Combat
 - Level 1.2 Spellcasting
 - Level 0.6 Conjurations
 - Level 2.1 Fire Magic


You had 6 spell levels left.
You knew the following spells:

 Your Spells              Type           Power      Damage    Failure   Level
a - Foxfire               Conj/Fire      12%        2x1d4     19%         1

Your spell library contained the following spells:

 Spells                   Type           Power      Damage    Failure   Level
 Conjure Flame            Conj/Fire      3%         6-21      47%         3
 Inner Flame              Hex/Fire       3%         N/A       52%         3
 Frozen Ramparts          Ice            0%         1d2       67%         3
 Sticky Flame             Conj/Fire      3%         2d3       87%         4
 Ice Form                 Ice/Tmut       0%         N/A       97%         4
 Summon Ice Beast         Ice/Summ       0%         N/A       97%         4
 Fireball                 Conj/Fire      1%         3d3       99%         5


Dungeon Overview and Level Annotations

Branches:
Dungeon (7/15)
 Temple: D:4-7

Altars:
Cheibriados
Trog

Shops:
D:1 [=**

Annotations:
D:3 Grinder


Innate Abilities, Weirdness & Mutations

You are too large for most types of armour.
You have claws for hands.
Your natural rate of healing is unusually fast.
You are covered in fur. (AC +1)
You have tough skin. (AC +1)


Message History

Found a stone staircase leading up.
A yak comes into view.
The yak bellows!
The yak bellows! x2; You hear an angry buzzing noise.
Okay, then.
A hornet comes into view.
As you read the scroll labelled SAODIB GOAL, it crumbles to dust.
It is a scroll of enchant weapon.
You aren't carrying any weapons that can be enchanted.
The yak gores you but does no damage.
As you read the scroll labelled KEHESOUZUJ, it crumbles to dust.
The creatures around you are filled with an inner flame!
It was a scroll of immolation.
The yak gores you! The yak gores you but does no damage.
You take 14 damage, and have 39/53 hp.
MASSIVE DAMAGE!!
The yak gores you.
You take 4 damage, and have 38/53 hp.
The yak gores you! The hornet stings you.
You feel yourself slow down.
You take 16 damage, and have 22/53 hp.
MASSIVE DAMAGE!!
You feel yourself speed up. The hornet stings you!
You feel yourself slow down. The hornet closely misses you. The yak gores you.
* * * LOW HITPOINT WARNING * * *
You take 7 damage, and have 15/53 hp.
Okay, then.
You aren't carrying any items that you can evoke.
Unknown command.
Unknown command.
Unknown command.
Okay, then.
You aren't carrying any items that you can evoke.
Unknown command.
It was a potion of attraction.
You feel attractive to monsters. The hornet stings you!
* * * LOW HITPOINT WARNING * * *
You are lethally poisoned!
You feel as though you will be slow longer.
The yak gores you!
You die...

##.## ######...# ..
#...#....# ...
#...#....###### ....
#..........#..###....
#..........#..........
##......................
#........##.............
###............Y@.........
#.....##.......YyYr....<.#
###....#.......YYY........
#...##..................#
#......#.............>..##
###.......................
#......................##
##...........=...........
#........................


You could see a death yak (inner flame), 5 yaks, a hornet (inner flame) and a
hell rat (inner flame).

Vanquished Creatures
  A sky beast (D:7)
  A hornet zombie (D:7)
  A bullfrog skeleton (D:7)
  3 adders (D:2)
  A worm (D:2)
  4 dart slugs
  2 orcs
  5 ball pythons
  6 bats
  7 endoplasms
  3 giant cockroaches
  6 goblins
  5 hobgoblins
  A quokka (D:1)
  2 frilled lizards
  2 kobolds (D:2)
  6 rats
56 creatures vanquished.

Notes
Turn   | Place    | Note
-------+----------+-------------------------------------------
     0 | D:1      | gimp the Troll Fire Elementalist began the quest for the
                  | Orb.
     0 | D:1      | Reached XP level 1. HP: 16/16 MP: 1/1
    26 | D:1      | Found Toshedix's Armour Shop.
    30 | D:1      | Found Uzokoto's Jewellery Emporium.
    60 | D:1      | Reached skill level 1 in Unarmed Combat
    98 | D:1      | Found a faded altar of an unknown god.
   128 | D:1      | Reached XP level 2. HP: 24/24 MP: 2/2
   156 | D:1      | Reached skill level 2 in Unarmed Combat
   229 | D:1      | Reached XP level 3. HP: 31/31 MP: 3/3
   356 | D:1      | Found Kuzxiwnet's General Store.
   359 | D:1      | Bought a scroll of identify for 22 gold pieces
   472 | D:1      | Found Zifontu's Assorted Antiques.
   546 | D:2      | Reached skill level 3 in Unarmed Combat
   875 | D:2      | Reached XP level 4. HP: 39/39 MP: 4/4
  1092 | D:2      | Reached skill level 4 in Unarmed Combat
  1186 | D:1      | Bought a potion of heal wounds for 55 gold pieces
  1329 | D:3      | Noticed Grinder
  1464 | D:3      | Found a snail-covered altar of Cheibriados.
  1504 | D:3      | Found a bloodstained altar of Trog.
  1816 | D:4      | You fall into a shaft and drop 3 floors!
  1821 | D:7      | Found the +7 great mace "Undeadhunter" {disrupt, rN+}
  1840 | D:7      | Noticed a sky beast
  1853 | D:7      | Killed a sky beast
  1854 | D:7      | Reached skill level 5 in Unarmed Combat
  1854 | D:7      | Reached XP level 5. HP: 29/45 MP: 5/5
  1870 | D:6      | Noticed a black bear
  1931 | D:7      | Noticed an orc warrior
  1957 | D:7      | Reached skill level 6 in Unarmed Combat
  1957 | D:7      | Reached XP level 6. HP: 36/53 MP: 6/6
  1992 | D:7      | You fall into a shaft and drop 2 floors!
  2001 | D:9      | Noticed a shadow
  2027 | D:9      | Noticed a yak
  2028 | D:9      | Noticed a yak
  2061 | D:9      | Noticed a death yak
  2070 | D:9      | Noticed a yak
  2070 | D:9      | Noticed a yak
  2071 | D:9      | Noticed a yak
  2073 | D:9      | Noticed a hornet
  2082 | D:9      | Mangled by a yak

Illustrated notes

Levels and vault maps discovered:
D:1:      lightli_arrival_windingriver, layout_rooms, basic_ecumenical_altar,
          serial_shops, shop, shop_fountains, nicolae_shop_behind_doors, shop,
          serial_bayou, serial_bayou_pond_c, serial_bayou_pond_b,
          serial_bayou_pond_e, serial_bayou_pond_a
D:2:      minmay_wonky_spiral, layout_basic, kennysheep_generic_room_7
D:3:      layout_loops_ring, mainiacjoe_overflow_brackets,
          mainiacjoe_overflow_alcove_2, minmay_crystal_room, uniq_grinder
D:4:      layout_cave_pools
D:6:      layout_basic
D:7:      layout_cave_pools, nicolae_tso_carved_into_rock,
          mainiacjoe_overflow_big_doors, hex_tiny
D:9:      layout_cave_pools, gammafunk_temple_overflow_pools,
          mainiacjoe_overflow_boulevard, dpeg_lair_monsters,
          serial_bayou_pond_c, minmay_circle_x

Skill      XL: |  1  2  3  4  5 |
---------------+----------------+-----
Unarmed Combat | 1 2 3 5 6 |  6.1
Dodging        | |  1.5
Stealth        | |  1.0
Spellcasting   | |  1.2
Conjurations   | |  0.6
Fire Magic     | |  2.1

Action                   |  1- 3 |  4- 6 || total
-------------------------+-------+-------++-------
Melee: Unarmed           |    96 |    57 ||   153
       Punch             |       |     1 ||     1
  Use: Potion            |       |     2 ||     2
       Scroll            |       |     2 ||     2
 Stab: Sleeping          |     1 |     3 ||     4
Armor: Robe              |    40 |    18 ||    58
Dodge: Dodged            |    37 |    26 ||    63
